 Dungeon Crawl Stone Soup version 0.27-a0-1202-ge72e49191c (webtiles) character file.

Game seed: 1993666157126751420

6231 Glokmah the Cleaver (level 10, -2/93 HPs)
             Began as a Hill Orc Monk on June 4, 2021.
             Was a High Priest of Trog.
             Slain by a catoblepas (12 damage)
             ... while paralysed
             ... on level 8 of the Dungeon.
             The game lasted 00:15:11 (8273 turns).

Glokmah the Cleaver (Hill Orc Monk)                 Turns: 8273, Time: 00:15:12

Health: -2/93      AC: 15    Str: 18    XL:     10   Next: 92%
Magic:  10/10      EV:  2    Int: 10    God:    Trog [*****.]
Gold:   415        SH:  0    Dex: 13    Spells: 9/9 levels left

rFire    . . .     SeeInvis .   a - +9 war axe of the Endless March {vorpal, rPois rCorr}
rCold    . . .     Faith    .   (no shield)
rNeg     + + +     Spirit   .   m - +0 chain mail
rPois    ∞         Reflect  .   B - +0 helmet
rElec    .         Harm     .   l - +2 cloak
rCorr    +         Rampage  .   (no gloves)
Will     ++...                  (no boots)
Stlth    ..........             r - amulet of the acrobat
HPRegen  1.25/turn              u - +4 ring of evasion
MPRegen  0.12/turn              (no ring)

@: paralysed, petrified, strong-willed, on berserk cooldown, regenerating,
slowed
A: no striking features
a: Renounce Religion, Berserk, Trog's Hand, Brothers in Arms


You were on level 8 of the Dungeon.
You worshipped Trog.
Trog was extremely pleased with you.
You visited 2 branches of the dungeon, and saw 9 of its levels.

You collected 415 gold pieces.

Inventory:

Hand Weapons
 a - the +9 war axe of the Endless March (weapon) {vorpal, rPois rCorr}
   (You took it off an orc warrior on level 8 of the Dungeon)

   It inflicts extra damage upon your enemies.
   It protects you from poison.
   It protects you from acid and corrosion.
 b - the +7 spear of Soclor {holy, +Blink Int+3}
   (You found it on level 4 of the Dungeon)

   It has been blessed by the Shining One to cause great damage to the undead
   and demons.
   It affects your intelligence (+3).
   It lets you blink.
 k - a +7 battleaxe of freezing
 q - a +1 vorpal shortbow
Missiles
 e - 40 poisoned darts (quivered)
 s - 4 throwing nets
 C - 16 arrows
Armour
 l - a +2 cloak (worn)
 m - a +0 chain mail (worn)
 y - a +0 plate armour
 B - a +0 helmet (worn)
Jewellery
 r - an amulet of the acrobat (around neck)
 u - a +4 ring of evasion (left hand)
 w - an amulet of faith
Wands
 p - a wand of polymorph (9)
 t - a wand of iceblast (7)
 z - a wand of flame (31)
Scrolls
 c - 4 scrolls of vulnerability
 g - 2 scrolls of noise
 x - a scroll of summoning
 A - a scroll of enchant armour
 D - a scroll of immolation {unknown}
Potions
 d - 3 potions of brilliance
 f - 2 potions of degeneration
 h - 3 potions of curing
 i - a potion of heal wounds {unknown}
 j - a potion of might {unknown}
 n - a potion of haste
 o - 2 potions of magic
 v - a potion of attraction


   Skills:
 + Level 10.3 Fighting
 * Level 14.6 Axes
 - Level 2.2 Throwing
 + Level 8.2 Armour
 - Level 2.4 Dodging
 - Level 1.5 Stealth


You had 9 spell levels left.
You didn't know any spells.
Your spell library was empty.

Dungeon Overview and Level Annotations

Branches:
Dungeon (8/15)             Temple (1/1) D:4
   Lair: D:8-11

Altars:
Ashenzari
Cheibriados
Dithmenos
Elyvilon
Fedhas
Gozag
Hepliaklqana
Kikubaaqudgha
Makhleb
Nemelex Xobeh
Qazlal
Ru
Sif Muna
Trog
Uskayaw
Wu Jian
Xom
Yredelemnul
Zin

Shops:
D:1 *   D:2 ?


Message History

You feel yourself moving faster!
You feel mighty!
You are engulfed in calcifying dust.
You are slowing down.
The catoblepas breathes a plume of calcifying dust at you.
The blast of calcifying dust hits you.
You slash the catoblepas!
The catoblepas is moderately wounded.
You are engulfed in calcifying dust.
Your limbs have turned to stone.
The catoblepas closely misses you.
You have turned to stone.
You are engulfed in calcifying dust.
The catoblepas gores you.
You are engulfed in calcifying dust.
The catoblepas gores you!
You are engulfed in calcifying dust.
The catoblepas gores you! The catoblepas barely misses you.
The catoblepas gores you!
The catoblepas breathes a plume of calcifying dust at you.
The blast of calcifying dust hits you but does no damage.
You are engulfed in calcifying dust.
The catoblepas gores you but does no damage.
You turn to flesh and can move again.
You slice the catoblepas!!
The catoblepas is severely wounded.
You are engulfed in calcifying dust.
You are slowing down.
You hear two shouts!
You slash the catoblepas!
The catoblepas is almost dead.
You are engulfed in calcifying dust.
You are no longer berserk.
You pass out from exhaustion.
You feel yourself slow down. The catoblepas gores you!!
* * * LOW HITPOINT WARNING * * *
You are engulfed in calcifying dust.
The catoblepas gores you!
* * * LOW HITPOINT WARNING * * *
A two-headed ogre comes into view. It is wielding two +0 dire flails.
Your limbs are stiffening.
You are engulfed in calcifying dust.
The catoblepas gores you!
* * * LOW HITPOINT WARNING * * *
You have turned to stone.
You are engulfed in calcifying dust.
The catoblepas gores you!!
You die...

....# #.......†# ....#
#........# ....#
#....>...##### )...#
###.............<
##########..........####.#
# #...........)......#
#####....###...###.###...
#
..............#####..##..
##.
####.........##Y@####.##.
...
###...########O##..###.#
##.### ......#
#)#####.##.# 8...8 .###..#
#§##..#.#.###..# ..##..#
§## ##)##.##..# #.##..# Y#
#.#..##.#..# #.....# ..
#.#####.#8.|.8 #.....# .#
##..##.####.### .....## ..
###..## #..


You could see a catoblepas and a two-headed ogre.

Vanquished Creatures
  Harold (D:8)
  A two-headed ogre (D:6)
  The ghost of Welwordion the Covert, a novice OpDe of Elyvilon (D:7)
  A gargoyle (D:8)
  Sigmund (D:2)
  5 yaks (D:8)
  Eustachio (D:4)
  A steam dragon (D:7)
  A water moccasin (D:8)
  2 orc warriors (D:8)
  A black bear (D:5)
  An ice beast (D:6)
  3 ogres
  2 necrophages (D:4)
  A centaur (D:8)
  2 bullfrogs
  A wyvern zombie (D:8)
  5 scorpions
  A gnoll sergeant (D:7)
  A water moccasin skeleton (D:6)
  A wyvern skeleton (D:5)
  5 wights (D:7)
  A spectral centaur (D:7)
  3 centaur zombies
  3 jellies
  4 orc priests
  Crazy Yiuf (D:2)
  A centaur skeleton (D:7)
  2 hounds
  Terence (D:2)
  6 iguanas
  6 orc wizards
  A howler monkey zombie (D:7)
  6 gnolls
  8 adders
  A shadow imp (D:8)
  A white imp (D:7)
  A howler monkey simulacrum (D:7)
  An ufetubus (D:4)
  An adder skeleton (D:4)
  A worm (D:2)
  2 dart slugs
  23 orcs
  10 ball pythons
  9 endoplasms
  8 giant cockroaches
  13 goblins
  9 hobgoblins
  7 jackals
  5 quokkas
  4 bats
  5 frilled lizards
  10 kobolds
  3 rats
196 creatures vanquished.

Vanquished Creatures (collateral kills)
  A centaur (D:5)
  A centaur skeleton (D:5)
  2 adders (D:5)
4 creatures vanquished.

Vanquished Creatures (others)
  8 plants (D:5)
8 creatures vanquished.

Grand Total: 208 creatures vanquished

Notes
Turn   | Place    | Note
-------+----------+-------------------------------------------
     0 | D:1      | Glokmah the Hill Orc Monk began the quest for the Orb.
     0 | D:1      | Reached XP level 1. HP: 19/19 MP: 1/1
   367 | D:1      | Found a faded altar of an unknown god.
   379 | D:1      | Became a worshipper of Trog the Wrathful
   379 | D:1      | Reached * piety under Trog
   379 | D:1      | Reached ** piety under Trog
   434 | D:1      | Reached XP level 2. HP: 27/27 MP: 2/2
   532 | D:1      | Found Ocreuc's Assorted Antiques.
   603 | D:1      | Reached *** piety under Trog
   775 | D:1      | Reached skill level 5 in Axes
   811 | D:1      | Reached XP level 3. HP: 21/33 MP: 3/3
  1446 | D:2      | Found a runed translucent door.
  1447 | D:2      | Noticed Crazy Yiuf
  1459 | D:2      | Killed Crazy Yiuf
  1460 | D:2      | Reached skill level 6 in Axes
  1460 | D:2      | Reached XP level 4. HP: 32/41 MP: 1/4
  1969 | D:2      | Noticed Terence
  1979 | D:2      | Killed Terence
  1980 | D:2      | Reached XP level 5. HP: 47/47 MP: 5/5
  2259 | D:2      | Found Qeblu Uly's Magic Scroll Boutique.
  2415 | D:2      | Noticed Sigmund
  2430 | D:2      | Killed Sigmund
  2431 | D:2      | Reached skill level 5 in Fighting
  2431 | D:2      | Reached skill level 7 in Axes
  2431 | D:2      | Reached skill level 1 in Armour
  2431 | D:2      | Reached XP level 6. HP: 43/56 MP: 6/6
  2756 | D:3      | Reached skill level 8 in Axes
  2878 | D:3      | Found a basalt altar of Yredelemnul.
  2923 | D:3      | Reached **** piety under Trog
  3116 | D:3      | Found a stormy altar of Qazlal.
  3383 | D:4      | Reached XP level 7. HP: 62/62 MP: 7/7
  3398 | D:4      | Identified the +7 spear of Soclor {holy, +Blink Int+3}
  3511 | D:4      | Identified the +0 scale mail of Suydgh Cufe {Stlth+}
  3533 | D:4      | Noticed Eustachio
  3548 | D:4      | Found a staircase to the Ecumenical Temple.
  3563 | D:4      | Killed Eustachio
  3567 | Temple   | Entered the Ecumenical Temple
  3573 | Temple   | HP: 1/63 [iguana (5)]
  3578 | Temple   | HP: 2/63 [iguana (8)]
  3589 | Temple   | Reached skill level 9 in Axes
  4150 | D:4      | Reached XP level 8. HP: 71/71 MP: 8/8
  4557 | D:5      | Entered Level 5 of the Dungeon
  4588 | D:5      | Reached skill level 10 in Axes
  4908 | D:5      | Found a hazy altar of Hepliaklqana.
  5100 | D:5      | Found an ornate altar of the Wu Jian Council.
  5270 | D:6      | Reached skill level 5 in Armour
  5278 | D:6      | Reached ***** piety under Trog
  5279 | D:6      | Reached skill level 11 in Axes
  5449 | D:6      | Noticed a two-headed ogre
  5458 | D:6      | Killed a two-headed ogre
  5459 | D:6      | Reached skill level 12 in Axes
  5459 | D:6      | Reached XP level 9. HP: 50/82 MP: 9/9
  6194 | D:6      | Found a sacrificial altar of Ru.
  6686 | D:7      | Found a white marble altar of Elyvilon.
  6792 | D:7      | Reached skill level 1 in Throwing
  6975 | D:7      | Reached XP level 10. HP: 91/91 MP: 10/10
  6978 | D:7      | Reached skill level 13 in Axes
  7177 | D:7      | Found a runed translucent gate.
  7178 | D:7      | Found a runed translucent gate.
  7179 | D:7      | Found a runed translucent gate.
  7180 | D:7      | Noticed Welwordion's ghost (novice OpDe)
  7202 | D:7      | Killed Welwordion's ghost
  7728 | D:8      | Noticed Harold
  7738 | D:8      | Killed Harold
  7752 | D:8      | Identified the +9 war axe of the Endless March {vorpal,
                  | rPois rCorr}
  8046 | D:8      | Reached skill level 14 in Axes
  8057 | D:8      | Reached skill level 10 in Fighting
  8237 | D:8      | Noticed a gargoyle
  8241 | D:8      | Killed a gargoyle
  8241 | D:8      | Noticed a catoblepas
  8271 | D:8      | Noticed a two-headed ogre
  8273 | D:8      | Slain by a catoblepas

Illustrated notes

Levels and vault maps discovered:
D:1:      dpeg_arrival_snail, layout_loops_ring,
          ebering_ecumenical_altar_abandoned, serial_shops, shop, minmay_3d_cube
D:2:      layout_loops_corners, serial_shops, nicolae_shop_behind_doors,
          minmay_goblin_outpost, uniq_sigmund, uniq_terence,
          uniq_crazy_yiuf_cottage
D:3:      layout_rooms, amcnicky_altar_gilded, nicolae_qazlal_general_emergency,
          minmay_misc_feat_five, hangedman_decor_growths
D:4:      wander_river, layout_loops_ring, minmay_temple_entry_glass,
          kennysheep_doodads, uniq_eustachio
D:5:      layout_cave_pools, nicolae_hepliaklqana_hazy_memory,
          kennysheep_mini_moat
D:6:      layout_loops_ring, nicolae_ru_sacrificial_ziggurat
D:7:      layout_cave_pools, elyvilon_altar_1, gammafunk_ghost_necromancy
D:8:      minmay_the_grid_octo_tiled_squarecenter
          [minmay_the_grid_octo_checkered, minmay_the_grid_octo_clover_2,
          minmay_the_grid_octo_fan_narrow, minmay_the_grid_octo_thin_diamonds,
          minmay_the_grid_square_5x5_megaprize_crossed,
          minmay_the_grid_square_5x5_six, minmay_the_grid_square_5x5_six_small,
          minmay_the_grid_square_5x5_z, minmay_the_grid_square_5x5_shrine2],
          layout_rooms, uniq_harold
Temple:   nicolae_temple_x_marks_the_god

Skill      XL: |  1  2  3  4  5  6  7  8  9 10 |
---------------+-------------------------------+-----
Fighting       | 4 5 6 8 9 10 | 10.3
Axes           | 5 6 7 8 9 12 14 | 14.6
Armour         | 1 2 3 5 6 8 |  8.2
Throwing       | 1 2 |  2.2
Dodging        | |  2.4
Stealth        | |  1.5

Action                   |  1- 3 |  4- 6 |  7- 9 | 10-12 || total
-------------------------+-------+-------+-------+-------++-------
Melee: Hand axe          |   104 |   133 |     6 |       ||   243
       Spear             |       |       |   291 |    48 ||   339
       War axe           |       |       |       |    35 ||    35
       Battleaxe         |       |       |       |    14 ||    14
Throw: Dart              |       |     2 |     2 |       ||     4
Invok: Berserk           |     5 |     4 |     6 |     6 ||    21
       Trog's Hand       |       |     3 |     1 |     2 ||     6
  Use: Potion            |       |       |     1 |       ||     1
       Scroll            |       |       |    14 |     7 ||    21
 Stab: Sleeping          |     4 |     1 |       |       ||     5
Armor: Robe              |    14 |     2 |       |       ||    16
       Chain mail        |       |    57 |   113 |    51 ||   221
Dodge: Dodged            |    62 |    57 |   108 |    71 ||   298

Table legend: (Time is in decaauts)
 A = Elapsed time spent in this place.
 B = Non-inter-level travel time spent in this place.
 C = Inter-level travel time spent in this place.
 D = Time resting spent in this place.
 E = Time spent auto-exploring this place.
 F = Levels seen in this place.
 G = Mean time per level.
                   A        B        C        D        E       F      G
               +--------+--------+--------+--------+--------+-----+--------+
         Total |   8411 |   8216 |    195 |   2334 |   4214 |   9 |  934.6 |
       Dungeon |   8113 |   7918 |    195 |   2076 |   4214 |   8 | 1014.1 |
        Temple |    298 |    298 |      0 |    258 |      0 |   1 |  298.0 |
               +--------+--------+--------+--------+--------+-----+--------+

Top non-repeatable levels by time:
     D:2: 1674 daAuts
     D:7: 1341 daAuts
     D:6: 1285 daAuts
     D:1: 1138 daAuts
     D:4: 915 daAuts
     D:5: 699 daAuts
     D:3: 639 daAuts
     D:8: 418 daAuts
  Temple: 298 daAuts
